 Dungeon Crawl Stone Soup version 0.29.0-5-ge4962eb29e (webtiles) character file.

Game seed: 15035107438611084167

2326 sanka the Grappler (level 9, -1/83 HPs)
             Began as a Troll Monk on Aug 29, 2022.
             Was a Priest of Okawaru.
             Succumbed to a killer bee's poison
             ... on level 8 of the Dungeon.
             The game lasted 00:11:06 (6711 turns).

sanka the Grappler (Troll Monk)                     Turns: 6711, Time: 00:11:06

Health: -1/83      AC:  4    Str: 25    XL:     9   Next: 19%
Magic:  9/11       EV: 12    Int:  6    God:    Okawaru [***...]
Gold:   448        SH:  0    Dex: 12    Spells: 8/8 levels left

rFire   . . .      SeeInvis .     - Unarmed
rCold   . . .      Faith    .   (no shield)
rNeg    . . .      Spirit   .   m - +0 robe {Will+}
rPois   .          Reflect  .   (helmet restricted)
rElec   .          Harm     .   (no cloak)
rCorr   .          Rampage  .   (gloves unavailable)
Will    +....                   (boots unavailable)
Stlth   +++.......              z - amulet of the acrobat
HPRegen 1.03/turn               (no ring)
MPRegen 0.12/turn               (no ring)

@: lethally poisoned (-1 -> -16), heroic
A: large, unfitting armour, claws 3, regeneration 1, shaggy fur 1, tough skin 1
a: Renounce Religion, Heroism


You were on level 8 of the Dungeon.
You worshipped Okawaru.
Okawaru was most pleased with you.
You visited 2 branches of the dungeon, and saw 9 of its levels.
You also visited: Sewer.

You collected 448 gold pieces.


Innate Abilities, Weirdness & Mutations

You are too large for most types of armour.
You have claws for hands.
Your natural rate of healing is unusually fast.
You are covered in fur. (AC +1)
You have tough skin. (AC +1)


   Skills:
 + Level 3.2(8.2) Fighting
 + Level 3.2(8.2) Dodging
 - Level 1.0(6.0) Stealth
 + Level 11.2(16.2) Unarmed Combat
 - Level 4.0 Invocations


You had 8 spell levels left.
You didn't know any spells.
Your spell library contained the following spells:

 Spells                   Type           Power      Damage    Failure   Level
 Sandblast                Erth           0%         2d4       45%         1
 Passwall                 Tmut/Erth      0%         N/A       58%         2
 Dazzling Flash           Conj/Hex       0%         N/A       83%         3
 Frozen Ramparts          Ice            0%         1d1       83%         3
 Stone Arrow              Conj/Erth      0%         3d7       83%         3
 Ice Form                 Ice/Tmut       0%         N/A       99%         4
 Iskenderun's Mystic Bla  Conj/Tloc      0%         2d3       99%         4
 Blade Hands              Tmut           0%         N/A       100%        5
 Iron Shot                Conj/Erth      0%         9d1       100%        6
 Starburst                Conj/Fire      0%         6d3       100%        6
 Animate Armour           Summ/Erth      Unusable   N/A       N/A         4
 Summon Ice Beast         Ice/Summ       Unusable   N/A       N/A         4

Inventory:

Hand Weapons
 b - the +6 falchion of Purpose {flame, rC++ Str+6 Dex-4 Stlth+}

   It burns those it strikes, dealing additional fire damage.
   Big, fiery blades are also staple armaments of hydra-hunters.
   Str:       It affects your strength (+6).
   Dex:       It affects your dexterity (-4).
   rC:        It greatly protects you from cold.
   Stlth:     It makes you more stealthy.
Armour
 m - a +0 robe of willpower (worn)
Jewellery
 z - an amulet of the acrobat (around neck)
Scrolls
 a - 2 scrolls of amnesia {unknown}
 c - 4 scrolls of identify {@r1}
 d - 2 scrolls of enchant armour {unknown}
 e - 4 scrolls of teleportation {unknown}
 g - 2 scrolls of brand weapon {unknown}
 i - a scroll of enchant weapon {unknown}
 l - 4 scrolls of fear
 o - a scroll of blinking
 t - a scroll of poison {unknown}
 v - a scroll of magic mapping {unknown}
 x - a scroll of silence {unknown}
 y - 3 scrolls of noise {unknown}
Potions
 h - 2 potions of degeneration {unknown}
 j - a potion of ambrosia
 k - 6 potions of curing {unknown}
 n - a potion of heal wounds {unknown}
 p - 2 potions of berserk rage {unknown}
 q - a potion of might {unknown}
 r - a potion of mutation {unknown}
 s - 5 potions of lignification {unknown}
 u - 2 potions of magic {unknown}
 w - a potion of haste {@q3}

Dungeon Overview and Level Annotations

Branches:
Dungeon (8/15)             Temple (1/1) D:5           Sewer (visited)
   Lair: D:8-11

Altars:
Ashenzari
Cheibriados
Dithmenos
Elyvilon
Fedhas
Gozag
Hepliaklqana
Makhleb
Nemelex Xobeh
Okawaru
Qazlal
Ru
Sif Muna
Trog
Uskayaw
Vehumet
Wu Jian
Xom
Zin
The Shining One

Shops:
D:1 [   D:2 [   D:5 *

Annotations:
D:6 3 runed translucent doors, carontestyx's ghost, novice DrTm

..▒▒▒ .. ....▒... ...........
........ ▒▒▒▒.......... ).......
▒............ .......▒
▒........... .......▒
▒.........▒▒▒▒▒▒▒▒ ▒ .......▒
▒................▒ ..
.......▒▒▒▒▒................▒▒▒..
......"...▒▒....T......y.........
..........'))....▒.....yy........
▒▒........▒▒.....▒▒▒▒▒.#▒▒.......
........▒▒▒▒......▒ ▒▒..y.....▒▒
....▒▒▒.▒▒▒▒......▒ ▒▒▒........
....<▒▒.▒▒.......... ▒▒.......
....▒▒▒.▒▒........... ▒.......
.......))............ ▒.....▒▒
..................... ........


You could see 2 killer bees.


Message History

Unknown command.
The killer bee attacks as you move away!
The killer bee stings you.
* * * LOW HITPOINT WARNING * * *
You are more poisoned.
The killer bee poisons you!
You feel very sick.
Unknown command.
Unknown command.
Okay, then.
As you read the scroll labelled KAXOEH BERCH, it crumbles to dust.
It is a scroll of identify.
l - 4 scrolls of fear You feel very sick.
The killer bee stings you!
* * * LOW HITPOINT WARNING * * *
The killer bee stings you.
* * * LOW HITPOINT WARNING * * *
You are lethally poisoned!
The killer bee poisons you! The killer bee misses you.
The killer bee stings you!
* * * LOW HITPOINT WARNING * * *
Unknown command.
Unknown command.
Okay, then.
Okay, then.
Blink to where?
As you read the scroll of blinking, it crumbles to dust.
You die...

Action                   |  1- 3 |  4- 6 |  7- 9 || total
-------------------------+-------+-------+-------++-------
Melee: Unarmed           |    62 |   175 |   228 ||   465
       Punch             |     2 |     5 |     8 ||    15
Invok: Heroism           |       |       |     2 ||     2
  Use: Scroll            |       |       |     2 ||     2
 Stab: Sleeping          |     1 |     4 |     3 ||     8
       Distracted        |       |     1 |     1 ||     2
Armor: Robe              |    15 |    57 |    54 ||   126
Dodge: Dodged            |    26 |    77 |    98 ||   201

Levels and vault maps discovered:
D:1:      co_arrival_square_in_a_square_in_a_square, layout_basic, serial_shops,
          nicolae_shop_stone, basic_ecumenical_altar, chequers_garden,
          minivault_24
D:2:      layout_rooms, serial_bayou, serial_bayou_pond_c, serial_bayou_shore_a,
          serial_bayou_shore_b, serial_bayou_lake_a, serial_shops, shop_statue,
          basic_altar, kennysheep_generic_room_2
D:3:      layout_loops_corners, minmay_box_of_dots
D:4:      layout_cave_pods, general_overflow_altar, corexii_checkpoint_a,
          corexii_item_surrounded_by_moat, dreamdust_gnoll_farm
D:5:      layout_loops_ring, minmay_temple_entry_purple_smoke,
          palyth_stone_intersect, nicolae_shop_gadgets
D:6:      layout_loops_corners, grunt_temple_overflow_open,
          gup_sewer_entry_bubbles, biasface_ghost_orc_armoury,
          minmay_misc_feat_roman
D:7:      layout_loops_ring
D:8:      layout_basic, gammafunk_temple_of_torment, doesnt_shop_hydraphobe
Temple:   bh_familiar_temple

Notes
Turn   | Place    | Note
-------+----------+-------------------------------------------
     0 | D:1      | sanka the Troll Monk began the quest for the Orb.
     0 | D:1      | Reached XP level 1. HP: 22/22 MP: 0/0
   141 | D:1      | Reached XP level 2. HP: 28/29 MP: 1/1
   165 | D:1      | Found a faded altar of an unknown god.
   424 | D:1      | Found Gimeisam's Armour Emporium.
   808 | D:2      | Reached skill level 4 in Unarmed Combat
   810 | D:2      | Identified the +6 falchion of Purpose {flame, rC++ Str+6
                  | Dex-4 Stlth+}
   813 | D:2      | Found a stormy altar of Qazlal.
   821 | D:2      | Reached XP level 3. HP: 30/36 MP: 2/2
   927 | D:2      | Reached XP level 4. HP: 44/44 MP: 3/3
  1064 | D:2      | Reached skill level 5 in Unarmed Combat
  1203 | D:2      | Found Xebuwuq's Antique Armour Shoppe.
  2494 | D:4      | Noticed an ogre
  2504 | D:4      | Killed an ogre
  2505 | D:4      | Reached skill level 6 in Unarmed Combat
  2505 | D:4      | Reached XP level 5. HP: 50/50 MP: 4/4
  2551 | D:4      | Found a radiant altar of Vehumet.
  2644 | D:4      | Reached XP level 6. HP: 52/59 MP: 5/5
  2737 | D:4      | Reached skill level 7 in Unarmed Combat
  2864 | D:4      | HP: 2/59 [orc/+0 war axe (9)]
  3401 | D:5      | Entered Level 5 of the Dungeon
  3418 | D:5      | Reached skill level 8 in Unarmed Combat
  3418 | D:5      | Reached XP level 7. HP: 58/66 MP: 6/6
  3847 | D:5      | Found Orhuol's Gadget Gallery.
  3877 | D:5      | Found a staircase to the Ecumenical Temple.
  3898 | D:5      | Reached skill level 9 in Unarmed Combat
  4048 | Temple   | Entered the Ecumenical Temple
  4237 | Temple   | Became a worshipper of Warmaster Okawaru
  4237 | Temple   | Reached * piety under Okawaru
  4237 | Temple   | Reached ** piety under Okawaru
  4426 | D:6      | Reached skill level 1 in Invocations
  4504 | D:6      | Found a runed translucent gate.
  4505 | D:6      | Found a runed translucent gate.
  4505 | D:6      | Noticed carontestyx's ghost (novice DrTm)
  4506 | D:6      | Found a runed translucent gate.
  4508 | D:6      | Identified the +10 plate armour of Erok Sinees {rF++}
  4787 | D:6      | Found a glowing drain.
  4797 | Sewer    | Entered a sewer
  4840 | Sewer    | Reached XP level 8. HP: 74/74 MP: 8/8
  4992 | Sewer    | Reached skill level 2 in Invocations
  5502 | D:6      | Found a sparkling altar of Nemelex Xobeh.
  5515 | D:6      | Found a hazy altar of Hepliaklqana.
  5820 | D:7      | Reached skill level 10 in Unarmed Combat
  5820 | D:7      | Reached skill level 3 in Invocations
  5919 | D:7      | Reached skill level 4 in Invocations
  6395 | D:7      | Reached *** piety under Okawaru
  6471 | D:8      | Reached skill level 11 in Unarmed Combat
  6471 | D:8      | Reached XP level 9. HP: 17/80 MP: 11/11
  6623 | D:8      | Reached skill level 3 in Fighting
  6623 | D:8      | Reached skill level 3 in Dodging
  6710 | D:8      | HP: 4/83 [killer bee (7)]
  6711 | D:8      | Succumbed to a killer bee's poison

Vanquished Creatures
  A water moccasin (D:7)
  5 ice beasts
  A black bear (D:7)
  An ogre (D:4)
  A kobold brigand (D:5)
  5 bullfrogs
  A necrophage (D:6)
  A scorpion (D:6)
  2 killer bees (D:8)
  6 orc priests
  A gnoll bouda (D:6)
  4 hounds
  A jelly (D:4)
  2 iguanas
  6 orc wizards
  10 gnolls
  15 adders
  2 shadow imps
  4 white imps
  An ufetubus (D:6)
  A worm (D:2)
  3 dart slugs
  29 orcs
  8 ball pythons
  4 bats
  8 endoplasms
  20 giant cockroaches
  5 goblins
  5 hobgoblins
  7 jackals
  6 quokkas
  2 frilled lizards
  10 kobolds
  4 rats
182 creatures vanquished.

Vanquished Creatures (others)
  2 fungi (D:4)
  5 plants (D:2)
7 creatures vanquished.

Grand Total: 189 creatures vanquished
